 Dungeon Crawl Stone Soup version 0.25.0-9-g26727b657a (webtiles) character file.

Game seed: 12520032937735038970

184 protoss039 the Digger (level 5, -1/28 HPs)
             Began as a Deep Elf Earth Elementalist on June 20, 2020.
             Slain by a worker ant (2 damage)
             ... on level 3 of the Dungeon.
             The game lasted 00:10:46 (3888 turns).

protoss039 the Digger (Deep Elf Earth Elementalist) Turns: 3888, Time: 00:10:46

Health: -1/28      AC:  4    Str:  5    XL:     5   Next: 36%
Magic:  13/14      EV: 13    Int: 21    God:
Gold:   116        SH:  0    Dex: 15    Spells: 13/14 levels left

rFire    . . .     SeeInvis .   l - +0 short sword
rCold    . . .     Gourm    .   (no shield)
rNeg     . . .     Faith    .   c - +0 robe
rPois    .         Spirit   .   (no helmet)
rElec    .         Reflect  .   (no cloak)
rCorr    .         Harm     .   (no gloves)
MR       .....                  q - +1 pair of boots
Stlth    ++........             (no amulet)
HPRegen  0.09/turn              (no ring)
MPRegen  0.14/turn              (no ring)

@: no status effects
A: no striking features
a: no special abilities


You were on level 3 of the Dungeon.
You were not hungry.

You visited 1 branch of the dungeon, and saw 4 of its levels.

You collected 116 gold pieces.

Inventory:

Hand Weapons
 l - a +0 short sword (weapon)
Missiles
 b - 118 stones (quivered)
Armour
 c - a +0 robe (worn)
 q - a +1 pair of boots (worn)
Jewellery
 m - a cursed ring of teleportation {unknown}
 o - an uncursed ring of resist corrosion {unknown}
 p - an uncursed amulet of magic regeneration {unknown}
 u - a +6 ring of strength {unknown}
Wands
 s - a wand of polymorph (5)
Scrolls
 e - 2 scrolls of random uselessness {unknown}
 f - 2 scrolls of enchant armour
 g - a scroll of blinking {unknown}
 h - 2 scrolls of amnesia {unknown}
 j - 2 scrolls of teleportation {unknown}
 k - 2 scrolls of identify
 n - a scroll of fog {unknown}
 t - a scroll of remove curse
Potions
 r - a potion of stabbing
Comestibles
 d - 8 rations
 v - 2 chunks of flesh


   Skills:
 + Level 0.2 Fighting
 - Level 0.4 Short Blades
 - Level 2.4 Dodging
 + Level 3.1 Stealth
 + Level 5.1 Spellcasting
   Level 1.1 Transmutations
 * Level 5.3 Earth Magic


You had 13 spell levels left.
You knew the following spells:

 Your Spells              Type           Power        Failure   Level  Hunger
a - Sandblast             Erth           ####..       1%          1    None

Your spell library contained the following spells:

 Spells                   Type           Power        Failure   Level  Hunger
 Passwall                 Tmut/Erth      ###.....     4%          2    None
 Stone Arrow              Conj/Erth      ###...       11%         3    ##.....
 Petrify                  Tmut/Erth      ###.....     28%         4    ####...
 Lee's Rapid Deconstruct  Erth           ####......   32%         5    #####..


Dungeon Overview and Level Annotations

Branches:
Dungeon (4/15)
 Temple: D:4-7

Altars:
Elyvilon
Nemelex Xobeh
Zin

Shops:
D:3 *


Message History

Unknown command.
Unknown command.
Casting: Sandblast (safe; 1% risk of failure)
Confirm with . or Enter, or press ? or * to list all spells.
You don't know that spell.
Casting: Sandblast (safe; 1% risk of failure)
Confirm with . or Enter, or press ? or * to list all spells.
You don't know that spell.
Unknown command.
Casting: Sandblast (safe; 1% risk of failure)
Confirm with . or Enter, or press ? or * to list all spells.
Aiming: Sandblast (safe; 1% risk of failure)
Press: ? - help, Shift-Dir - straight line, f - worker ant
Aim: a worker ant The blast of sand misses the worker ant.
b - 118 stones The worker ant bites you.
* * * LOW HITPOINT WARNING * * *
The worker ant bites you.
You die...

# ## .# ######## .##
#......# ..#
#######......#
..###............#
#..##...........a#####
................@....#
#)..#......#########.#
..#.#......# #.#
###.####.### #.#
.##..# #...# #.#
.###.# #...# #.# .#
#.# #(..# #.# .#
#.###...# #.#
.###..##...# #.#


You could see a worker ant.

Vanquished Creatures
  A worker ant (D:4)
  8 adders
  An ooze (D:2)
  A worm (D:2)
  4 dart slugs (D:1)
  4 leopard geckos
  An orc (D:3)
  A giant cockroach (D:1)
  10 goblins
  5 hobgoblins
  6 jackals
  11 kobolds
  7 bats
  3 frilled lizards
  8 rats
71 creatures vanquished.

Notes
Turn   | Place    | Note
-------+----------+-------------------------------------------
     0 | D:1      | protoss039 the Deep Elf Earth Elementalist began the quest
                  | for the Orb.
     0 | D:1      | Reached XP level 1. HP: 10/10 MP: 6/6
   362 | D:1      | Reached XP level 2. HP: 15/15 MP: 5/8
   793 | D:1      | You fall into a shaft and drop 1 floor!
   948 | D:1      | Reached XP level 3. HP: 7/19 MP: 0/10
  2001 | D:2      | Reached XP level 4. HP: 24/24 MP: 3/12
  2610 | D:2      | Reached skill level 5 in Earth Magic
  3248 | D:3      | Found a white marble altar of Elyvilon.
  3265 | D:3      | Found Zin's Purification Station.
  3266 | D:3      | Found a glowing silver altar of Zin.
  3272 | D:3      | Found a sparkling altar of Nemelex Xobeh.
  3291 | D:3      | Reached XP level 5. HP: 25/28 MP: 10/14
  3826 | D:4      | Reached skill level 5 in Spellcasting
  3888 | D:3      | HP: 1/28 [worker ant (5)]
  3888 | D:3      | Slain by a worker ant

Illustrated notes

Levels and vault maps discovered:
D:1:      moated_graveyard_arrival, layout_basic, minivault_24
D:2:      layout_basic
D:3:      layout_basic, zin_purify, nemelex_xobeh_ov_fountains_minmay,
          lemuel_crystal_altar
D:4:      layout_loops_ring, nicolae_tso_swordbearing_angel,
          grunt_temple_overflow_lords_of_destruction,
          minmay_temple_entry_crystal_x, serial_shops, shop

Skill      XL: |  1  2  3  4  5 |
---------------+----------------+-----
Earth Magic    | 4 5 |  5.3
Spellcasting   | 4 5 |  5.1
Stealth        | 3 |  3.1
Fighting       | |  0.2
Short Blades   | |  0.4
Dodging        | |  2.4
Transmutations | |  1.1

Action                   |  1- 3 |  4- 6 || total
-------------------------+-------+-------++-------
Melee: Unarmed           |    13 |       ||    13
       Short sword       |    52 |    66 ||   118
 Cast: Sandblast         |    44 |    35 ||    79
  Use: Potion            |     3 |     1 ||     4
       Scroll            |     1 |     3 ||     4
 Stab: Sleeping          |     3 |     6 ||     9
  Eat: Chunk             |     3 |     6 ||     9
Armor: Robe              |    10 |    30 ||    40
       Skin              |    20 |       ||    20
Dodge: Dodged            |    67 |    73 ||   140
